AoeStats
← FinalDiamond01

Arabian Desert

509160503Analyzed
1v1 RM · 5d ago on Sep 25, 2026· 45m 57s· 2 players
Game mode
Random Map
Map size
Tiny (2 player)
Population
200
Speed
Normal
Resources
Standard
Victory
Conquest
Starting age
Dark Age
Ending age
Imperial Age
RankedLock teamsTeams togetherTeam positionsShared explorationLock speedFull tech treeHidden civsTurbo modeCheats
Victory
Defeat
🇸🇪 Ethiopians · Sweden
744
+14
🇺🇸 Spanish · United States
708
-14
FinalDiamond01
11:14 Feudal Age
9:31 Loom
12:02 Horse Collar
12:10 Double-Bit Axe
19:18 Castle Age
18:13 Wheelbarrow
17:32 Gold Mining
18:07 Stone Mining
19:10 Bloodlines
21:22 Scale Barding Armor
22:24 Fletching
22:48 Forging
25:34 Heavy Plow
27:48 Chain Barding Armor
28:13 Husbandry
29:45 Iron Casting
31:11 Fletching
33:14 Murder Holes
33:30 Masonry
33:47 Bow Saw
34:33 Stone Shaft Mining
34:51 Ballistics
36:48 Padded Archer Armor
36:47 Bodkin Arrow
36:52 Padded Archer Armor
40:08 Imperial Age
38:35 Hand Cart
38:34 Town Watch
40:20 Leather Archer Armor
42:05 Chemistry
41:36 Architecture
42:00 Bracer
42:30 Ring Archer Armor
43:05 Conscription
43:21 Hoardings
47:01 Plate Barding Armor
47:26 Blast Furnace
Queen of an Empire
9:05 Loom
10:55 Feudal Age
12:59 Wheelbarrow
12:46 Double-Bit Axe
13:50 Fletching
20:07 Castle Age
19:06 Padded Archer Armor
20:30 Crossbowman
21:12 Bodkin Arrow
22:00 Hand Cart
24:08 Bow Saw
24:20 Leather Archer Armor
24:18 Stone Mining
29:45 Thumb Ring
32:17 Gold Mining
33:06 Stone Shaft Mining
32:22 Arson
33:07 Horse Collar
34:10 Gold Shaft Mining
37:08 Ballistics
37:14 Heavy Plow
41:28 Imperial Age
41:43 Capped Ram
42:32 Squires
41:53 Halberdier
43:47 Chemistry
42:44 Murder Holes
45:46 Elite Skirmisher
Connection lost

Rejoining the realm…

Still unreachable

The connection could not be restored.

Session expired

The server has moved on; the page needs a fresh start.